 Dungeon Crawl Stone Soup version 0.23-a0-639-ga9a3373 (webtiles) character file.

189 Lavandula the Cutter (level 6, 0/38 HPs)
             Began as a Halfling Enchanter on Dec 29, 2018.
             Was a Follower of Vehumet.
             Succumbed to a worker ant's poison
             ... on level 4 of the Dungeon.
             The game lasted 00:11:47 (2187 turns).

Lavandula the Cutter (Halfling Enchanter)           Turns: 2187, Time: 00:11:48

Health: 0/38       AC:  4    Str:  9    XL:     6   Next: 0%
Magic:  2/8        EV: 20    Int: 15    God:    Vehumet [*.....]
Gold:   104        SH:  0    Dex: 20    Spells: 2/8 levels left

rFire    + + .     SeeInvis .   i - +2 dagger (protect)
rCold    + . .     Gourm    .   (shield restricted)
rNeg     . . .     Faith    .   b - +0 robe
rPois    +         Spirit   .   (no helmet)
rElec    +         Reflect  .   (no cloak)
rCorr    +         Harm     .   n - +1 pair of gloves
MR       .....                  (no boots)
Stlth    ++++......             (no amulet)
HPRegen  0.12/turn              f - ring of protection from fire
MPRegen  0.11/turn              (no ring)

@: agile, lethally poisoned (0 -> -7), resistant, very slightly contaminated,
hasted, invisible, very quick
A: small, mutation resistance 1
a: Renounce Religion


You were on level 4 of the Dungeon.
You worshipped Vehumet.
Vehumet was aware of your devotion.
You were not hungry.

You visited 1 branch of the dungeon, and saw 4 of its levels.

You collected 104 gold pieces.

Inventory:

Hand Weapons
 i - a +2 dagger of protection (weapon)
Missiles
 p - 3 curare-tipped needles
Armour
 b - a +0 robe (worn)
 n - a +1 pair of gloves (worn)
Jewellery
 f - a ring of protection from fire (left hand)
Scrolls
 a - 2 scrolls of enchant armour {unknown}
 c - a scroll of amnesia {unknown}
 e - 2 scrolls of blinking {unknown}
 g - 2 scrolls of identify {unknown}
 h - a scroll of remove curse {unknown}
 j - a scroll of noise {unknown}
 o - a scroll of fog {unknown}
Comestibles
 d - 5 rations
 r - a chunk of flesh


   Skills:
 + Level 1.0 Fighting
 - Level 6.2 Short Blades
 - Level 2.1 Dodging
 - Level 3.2 Stealth
 - Level 1.5 Spellcasting
 - Level 2.4 Hexes


You had 2 spell levels left.
You knew the following spells:

 Your Spells              Type           Power        Failure   Level  Hunger
a - Corona                Hex            #......      9%          1    ##.....
b - Ensorcelled Hibernat  Hex/Ice        #.....       22%         2    ###....
c - Confuse               Hex            #.......     26%         3    ####...

Your spell library contained the following spells:

 Spells                   Type           Power        Failure   Level  Hunger
 Shock                    Conj/Air       #...         24%         1    ##.....
 Tukima's Dance           Hex            #.......     26%         3    ####...
 Dazzling Spray           Conj/Hex       #.....       38%         3    ####...


Dungeon Overview and Level Annotations

Branches:
Dungeon (4/15)
 Temple: D:4-7

Altars:
Ashenzari
Cheibriados
Fedhas
Hepliaklqana
Makhleb
Sif Muna
Trog
Vehumet

Annotations:
D:4 Grinder


Innate Abilities, Weirdness & Mutations

You are small and have problems with some larger weapons.
You are somewhat resistant to further mutation.


Message History

* * * LOW HITPOINT WARNING * * *
You feel sick.
You see here a worker ant corpse.
You aren't carrying any potions.
Unknown command.
* * * LOW HITPOINT WARNING * * *
You feel sick.
* * * LOW HITPOINT WARNING * * *
You feel sick.
Found a ration.
* * * LOW HITPOINT WARNING * * *
You feel sick.
* * * LOW HITPOINT WARNING * * *
You feel sick.
You see here a ration.
* * * LOW HITPOINT WARNING * * *
You feel sick.
* * * LOW HITPOINT WARNING * * *
You feel sick.
You die...

################
#.....%.##.....#
#....##.##.....###
#@##.##.##........
#.##...........#..
#.#####.##..†..#.#
#.# #.########.#
#.. ..# #.# #.#
###########.# #.#
.......... ..#
......###. .....
###.


There were no monsters in sight!

Vanquished Creatures
  2 worker ants (D:4)
  An orc wizard (D:3)
  3 gnolls (D:3)
  3 adders (D:3)
  An ooze (D:2)
  3 leopard geckos
  4 orcs (D:3)
  2 ball pythons (D:3)
  7 goblins
  2 hobgoblins
  2 quokkas
  8 bats
  2 frilled lizards
  8 kobolds
  4 rats
52 creatures vanquished.

Notes
Turn   | Place    | Note
-------+----------+-------------------------------------------
     0 | D:1      | Lavandula the Halfling Enchanter began the quest for the
                  | Orb.
     0 | D:1      | Reached XP level 1. HP: 11/11 MP: 3/3
    70 | D:1      | Reached skill level 2 in Short Blades
   106 | D:1      | Reached XP level 2. HP: 6/17 MP: 4/4
   211 | D:1      | Reached skill level 3 in Short Blades
   427 | D:2      | Reached XP level 3. HP: 12/21 MP: 5/5
   644 | D:2      | Learned a level 2 spell: Ensorcelled Hibernation
   854 | D:3      | Found a bloodstained altar of Trog.
   860 | D:3      | Found a radiant altar of Vehumet.
   861 | D:3      | Found a deep blue altar of Sif Muna.
   862 | D:3      | Found a hazy altar of Hepliaklqana.
   862 | D:3      | Found a burning altar of Makhleb.
   862 | D:3      | Found a snail-covered altar of Cheibriados.
   862 | D:3      | Found a shattered altar of Ashenzari.
   863 | D:3      | Found a blossoming altar of Fedhas.
   872 | D:3      | Became a worshipper of Vehumet
   944 | D:3      | Reached skill level 4 in Short Blades
  1011 | D:3      | Reached XP level 4. HP: 27/27 MP: 6/6
  1332 | D:3      | Reached skill level 5 in Short Blades
  1380 | D:3      | Learned a level 3 spell: Confuse
  1458 | D:4      | Noticed Grinder
  1711 | D:3      | Reached XP level 5. HP: 18/31 MP: 2/7
  2124 | D:4      | Reached * piety under Vehumet
  2124 | D:4      | Offered knowledge of Shock by Vehumet.
  2141 | D:4      | Reached skill level 6 in Short Blades
  2174 | D:4      | Reached skill level 1 in Fighting
  2174 | D:4      | Reached XP level 6. HP: 8/38 MP: 1/8
  2185 | D:4      | HP: 1/38 [poisoned by a worker ant]
  2187 | D:4      | Succumbed to a worker ant's poison

Vault maps used:
D:1:      minmay_arrival_loop, wander_ebering_terrifying_dragon_lair
D:2:      first_ration
D:3:      minitemple
D:4:      grunt_temple_overflow_open, minmay_strange_pillars, uniq_robin,
          uniq_grinder

Skill      XL: |  1  2  3  4  5 |
---------------+----------------+-----
Short Blades   | 2 3 4 5 6 |  6.2
Fighting       | 1 |  1.0
Dodging        | |  2.1
Stealth        | |  3.2
Spellcasting   | |  1.5
Hexes          | |  2.4

Action                   |  1- 3 |  4- 6 || total
-------------------------+-------+-------++-------
Melee: Dagger            |   109 |   150 ||   259
 Cast: Corona            |    27 |     4 ||    31
       Ensorcelled Hiber |     2 |    13 ||    15
  Use: Potion            |       |     4 ||     4
 Stab: Sleeping          |     3 |     6 ||     9
       Invisible         |       |     1 ||     1
  Eat: Chunk             |     1 |     6 ||     7
Armor: Robe              |    18 |    38 ||    56
Dodge: Dodged            |    78 |    79 ||   157

Table legend:
 A = Non-vault XP
 B = Vault XP
 C = Vault XP percentage of total XP
 D = Non-vault monster count
 E = Vault monster count
 F = Vault count percentage of total count
                 A         B        C        D         E       F
            +---------+---------+-------+---------+---------+-------
      Total |     270 |       0 |   0.0 |      52 |       0 |   0.0
            +---------+---------+-------+---------+---------+-------
        D:1 |      21 |       0 |   0.0 |      13 |       0 |   0.0
        D:2 |      27 |       0 |   0.0 |      13 |       0 |   0.0
        D:3 |     145 |       0 |   0.0 |      21 |       0 |   0.0
        D:4 |      77 |       0 |   0.0 |       5 |       0 |   0.0
            +---------+---------+-------+---------+---------+-------
